AoeStats
← Erickinio

Arena

508362665Analyzed
3v3 RM · 11d ago on Sep 22, 2026· 55m 58s· 6 players
Game mode
Random Map
Map size
Normal (6 player)
Population
200
Speed
Normal
Resources
Standard
Victory
Conquest
Starting age
Dark Age
Ending age
Imperial Age
RankedLock teamsTeams togetherTeam positionsShared explorationLock speedFull tech treeHidden civsTurbo modeCheats
Victory
Defeat
🇨🇦 Inca · Canada
836
+13
🇨🇦 Italians · Canada
835
+13
🇨🇦 Berbers · Canada
835
+13
🇵🇰 Chinese · Pakistan
806
-18
🇦🇷 Celts · Argentina
780
-13
🇺🇸 Slavs · United States
747
-12
mosesdretg
7:05 Loom
12:06 Feudal Age
12:36 Double-Bit Axe
18:16 Castle Age
16:16 Horse Collar
19:11 Bow Saw
20:26 Heavy Plow
22:27 Wheelbarrow
23:52 Hand Cart
25:51 Pikeman
26:32 Squires
29:23 Gold Mining
33:01 Imperial Age
31:37 Scale Mail Armor
32:38 Chain Mail Armor
33:32 Elite Boyar
33:35 Halberdier
34:53 Crop Rotation
35:33 Two-Man Saw
36:43 Plate Mail Armor
36:24 Forging
37:10 Druzhina
37:11 Detinets
37:07 Sappers
39:55 Heavy Scorpion
deadrebel
11:21 Feudal Age
12:03 Double-Bit Axe
13:16 Horse Collar
15:41 Wheelbarrow
14:55 Loom
14:56 Town Watch
16:07 Gold Mining
17:30 Man-at-Arms
17:58 Arson
22:51 Castle Age
23:08 Pikeman
23:49 Squires
24:08 Stone Mining
24:36 Bow Saw
23:59 Long Swordsman
26:33 Heavy Plow
31:55 Hand Cart
31:40 Town Patrol
31:41 Fletching
32:03 Forging
31:54 Scale Mail Armor
32:00 Scale Barding Armor
31:57 Padded Archer Armor
33:28 Atonement
33:52 Sanctity
33:45 Fervor
36:28 Imperial Age
34:29 Chain Mail Armor
36:11 Gold Shaft Mining
36:13 Stone Shaft Mining
36:21 Elite Skirmisher
37:07 Thumb Ring
37:33 Fortified Wall
37:40 Masonry
37:32 Murder Holes
41:03 Chemistry
40:25 Ballistics
43:54 Conscription
43:06 Sappers
44:19 Architecture
44:17 Halberdier
44:19 Two-Handed Swordsman
44:21 Elite Fire Lancer
54:12 Chain Barding Armor
54:23 Plate Mail Armor
53:49 Bodkin Arrow
54:30 Iron Casting
54:12 Leather Archer Armor
Erickinio
11:28 Feudal Age
11:50 Man-at-Arms
12:21 Arson
14:15 Loom
15:01 Forging
20:18 Scale Mail Armor
24:06 Castle Age
22:25 Double-Bit Axe
23:25 Stone Mining
24:39 Wheelbarrow
24:25 Gold Mining
25:18 Long Swordsman
28:28 Gambesons
30:36 Pikeman
33:09 Bow Saw
34:12 Gold Shaft Mining
35:35 Hand Cart
35:37 Horse Collar
36:35 Stronghold
36:55 Murder Holes
38:14 Iron Casting
37:55 Chain Mail Armor
38:18 Stone Shaft Mining
37:59 Treadmill Crane
41:35 Imperial Age
40:34 Fortified Wall
40:17 Fletching
40:27 Padded Archer Armor
40:40 Masonry
40:39 Elite Skirmisher
41:42 Halberdier
42:57 Ballistics
42:36 Heavy Scorpion
43:44 Conscription
44:24 Furor Celtica
44:42 Town Watch
44:40 Onager
46:06 Town Patrol
47:48 Siege Engineers
50:57 Two-Handed Swordsman
Hot Salad
12:09 Feudal Age
12:57 Loom
16:17 Castle Age
14:01 Horse Collar
14:09 Double-Bit Axe
18:03 Bow Saw
19:16 Heavy Plow
20:09 Stone Mining
21:39 Gold Mining
24:38 Wheelbarrow
26:49 Hand Cart
30:37 Imperial Age
30:00 Fletching
30:10 Padded Archer Armor
30:41 Bodkin Arrow
31:47 Leather Archer Armor
32:37 Chemistry
31:58 Ballistics
33:49 Pirotechnia
34:12 Ring Archer Armor
33:43 Bracer
36:18 Hoardings
36:07 Conscription
35:39 Town Watch
PreGhostSlimer
12:57 Feudal Age
15:10 Horse Collar
19:25 Castle Age
17:20 Double-Bit Axe
17:37 Loom
20:17 Heavy Plow
20:28 Bow Saw
21:44 Gold Mining
21:48 Stone Mining
23:53 Wheelbarrow
31:20 Imperial Age
29:37 Scale Mail Armor
29:40 Squires
29:26 Arson
30:15 Forging
30:58 Chain Mail Armor
30:51 Town Watch
32:16 Iron Casting
32:44 Plate Mail Armor
32:46 Conscription
34:20 Blast Furnace
33:48 Elite Kamayuk
35:26 Fabric Shields
36:51 Town Patrol
37:34 Masonry
49:51 Siege Engineers
57:11 Chemistry
DipshitGrimace
12:14 Feudal Age
15:54 Castle Age
14:16 Double-Bit Axe
15:05 Horse Collar
17:21 Loom
20:05 Bow Saw
24:58 Wheelbarrow
26:44 Hand Cart
26:43 Heavy Plow
33:00 Imperial Age
30:23 Fletching
30:34 Padded Archer Armor
31:31 Bodkin Arrow
32:16 Thumb Ring
32:31 Leather Archer Armor
33:15 Bloodlines
33:53 Husbandry
34:57 Elite Genitour
36:24 Conscription
37:03 Ring Archer Armor
38:01 Chemistry
37:22 Ballistics
38:01 Bracer
38:18 Masonry
40:12 Siege Engineers
Connection lost

Rejoining the realm…

Still unreachable

The connection could not be restored.

Session expired

The server has moved on; the page needs a fresh start.